 Dungeon Crawl Stone Soup version 0.29-a0-757-g358383bc75 (webtiles) character file.

Game seed: 7350108421448094457

21 ytrimaz the Chopper (level 2, -7/24 HPs)
             Began as a Demonspawn Berserker on July 1, 2022.
             Was a Follower of Trog.
             Mangled by Sigmund
             ... wielding a +0 scythe
              (9 damage)
             ... on level 2 of the Dungeon.
             The game lasted 00:01:16 (1216 turns).

ytrimaz the Chopper (Demonspawn Berserker)          Turns: 1216, Time: 00:01:17

Health: -7/24      AC:  4    Str: 17    XL:     2   Next: 62%
Magic:  2/2        EV: 12    Int:  8    God:    Trog [*.....]
Gold:   52         SH:  0    Dex: 12    Spells: 1/1 levels left

rFire   . . .      SeeInvis .   a - +0 hand axe
rCold   . . .      Faith    .   (no shield)
rNeg    . . .      Spirit   .   b - +0 animal skin
rPois   .          Reflect  .   (no helmet)
rElec   .          Harm     .   (no cloak)
rCorr   .          Rampage  .   (no gloves)
Will    .....                   (no boots)
Stlth   +.........              (no amulet)
HPRegen 0.08/turn               (no ring)
MPRegen 0.08/turn               (no ring)

@: on berserk cooldown, slowed, very slow
A: icy blue scales 1
a: Renounce Religion, Berserk


You were on level 2 of the Dungeon.
You worshipped Trog.
Trog was aware of your devotion.
You visited 1 branch of the dungeon, and saw 2 of its levels.

You collected 52 gold pieces.

Inventory:

Hand Weapons
 a - a +0 hand axe (weapon)
Armour
 b - a +0 animal skin (worn)
Scrolls
 c - 2 scrolls of identify {unknown}
 e - a scroll of acquirement {unknown}


   Skills:
 - Level 3.0 Fighting
 + Level 3.3 Axes
 * Level 2.2 Armour
 - Level 1.7 Dodging


You had one spell level left.
You didn't know any spells.
Your spell library was empty.

Dungeon Overview and Level Annotations

Branches:
Dungeon (2/15)

Altars:

Annotations:
D:2 Sigmund


Innate Abilities, Weirdness & Mutations

You are partially covered in icy blue scales. (AC +2)


Message History

Sigmund is almost dead.
You barely miss the adder. The adder closely misses you.
Sigmund points at you and mumbles some strange words.
You are confused.
You barely miss Sigmund.
Sigmund is almost dead.
You closely miss the adder. The adder bites you.
You are poisoned.
The adder poisons you! Sigmund closely misses you.
You bump into the rock wall.
You feel sick. The adder bites you but does no damage.
Unknown command.
You bump into the rock wall.
You feel a strong urge to attack something.
You feel sick. The adder closely misses you.
You bump into the rock wall.
You are no longer berserk.
You are exhausted.
You feel yourself slow down.
You feel sick. Sigmund completely misses you. The adder closely misses you.
Unknown command.
Unknown command.
You hit Sigmund.
Sigmund is almost dead.
You closely miss the adder.
You feel sick. The adder barely misses you. Sigmund casts a spell at you.
You resist with significant effort. The adder bites you but does no damage.
Unknown command.
You're too confused to move!
* * * LOW HITPOINT WARNING * * *
You feel sick.
You are no longer poisoned.
Sigmund closely misses you. The adder barely misses you.
The adder closely misses you.
Unknown command.
It was a potion of berserk rage.
You're still recovering from your berserk rage.
You feel less confused. Sigmund hits you with a +0 scythe!
You die...

### ..# # #.#
##.####.#
...S..#.#####
#........#
##.#S###.#
#@# #.#
#.....@# #.#
##########.#
#...# #.###
#.# #.# #.#
##.##


You could see Sigmund and an adder.

Vanquished Creatures
  2 dart slugs (D:1)
  3 endoplasms
  A goblin (D:1)
  2 hobgoblins (D:1)
  2 kobolds (D:1)
  A quokka (D:1)
  2 bats (D:1)
  A frilled lizard (D:1)
  A rat (D:1)
15 creatures vanquished.

Notes
Turn   | Place    | Note
-------+----------+-------------------------------------------
     0 | D:1      | ytrimaz the Demonspawn Berserker began the quest for the
                  | Orb.
     0 | D:1      | Reached XP level 1. HP: 18/18 MP: 1/1
   419 | D:1      | Gained mutation: You are partially covered in icy blue
                  | scales. (AC +2) [demonic ancestry]
   419 | D:1      | Reached XP level 2. HP: 15/24 MP: 2/2
  1201 | D:2      | Noticed Sigmund
  1216 | D:2      | Mangled by Sigmund

Illustrated notes

Levels and vault maps discovered:
D:1:      wander_arrival_abandoned_jail, layout_loops_cross,
          corexii_item_surrounded_by_moat
D:2:      layout_loops_corners, hangedman_decor_slide_cut, uniq_sigmund

Skill      XL: |  1 |
---------------+----+-----
Armour         | 2 |  2.2
Axes           | 3 |  3.3
Fighting       | |  3.0
Dodging        | |  1.7

Action                   || total
-------------------------++-------
Melee: Hand axe          ||    57
Invok: Berserk           ||     1
  Use: Potion            ||     1
 Stab: Sleeping          ||     1
Armor: Animal skin       ||    11
Dodge: Dodged            ||    35

Table legend: (Time is in decaauts)
 A = Elapsed time spent in this place.
 B = Non-inter-level travel time spent in this place.
 C = Inter-level travel time spent in this place.
 D = Time resting spent in this place.
 E = Time spent auto-exploring this place.
 F = Levels seen in this place.
 G = Mean time per level.
                   A        B        C        D        E       F      G
               +--------+--------+--------+--------+--------+-----+--------+
         Total |   1222 |   1181 |     41 |      0 |   1020 |   2 |  611.0 |
       Dungeon |   1222 |   1181 |     41 |      0 |   1020 |   2 |  611.0 |
               +--------+--------+--------+--------+--------+-----+--------+

Top non-repeatable levels by time:
     D:1: 1167 daAuts
     D:2: 54 daAuts
